 Dungeon Crawl Stone Soup version 0.30-a0-1016-gfb0d676c02 (webtiles) character file.

Game seed: 15301022671475622363

812 ThatPearl the Chopper (level 7, -1/37 HPs)
             Began as a Vine Stalker Fighter on Apr 6, 2023.
             Succumbed to a gnoll sergeant's poison
             ... on level 5 of the Dungeon.
             The game lasted 00:06:19 (3416 turns).

ThatPearl the Chopper (Vine Stalker Fighter)        Turns: 3416, Time: 00:06:19

Health: -1/37      AC:  8    Str: 20    XL:     7   Next: 93%
Magic:  1/8        EV: 14    Int:  8    God:
Gold:   234        SH:  6    Dex: 20    Spells: 6/6 levels left

rFire   . . .      SeeInvis .    a - +0 war axe
rCold   + . .      Faith    .    c - +0 buckler
rNeg    . . .      Spirit   +    t - +1 scale mail {rC+}
rPois   .          Reflect  .    (no helmet)
rElec   .          Rampage  .    (no cloak)
rCorr   .                        (no gloves)
Will    .....                    x - +0 pair of boots Stlth
                                 o - amulet of regeneration
HPRegen 1.86/turn                e - +6 ring of dexterity
MPRegen 0.11/turn                m - +5 ring of evasion

@: mighty, lethally poisoned (-1 -> -8), weakened
A: fangs 2, regeneration 1, magic shield, antimagic bite, no potion heal 2
a: no special abilities


You were on level 5 of the Dungeon.
You visited 1 branch of the dungeon, and saw 5 of its levels.

You collected 234 gold pieces.

Inventory:

Hand Weapons
 a - a +0 war axe (weapon)
Missiles
 k - 13 stones (quivered)
 s - 8 poisoned darts
 E - a throwing net
Armour
 c - a +0 buckler (worn)
 t - a +1 scale mail of cold resistance (worn)
 x - a +0 pair of boots (worn)
 C - an orb of light
Jewellery
 e - a +6 ring of dexterity (left hand)
 m - a +5 ring of evasion (right hand)
 o - an amulet of regeneration (around neck)
Wands
 w - a wand of digging (5)
 y - a wand of acid (5)
Scrolls
 f - a scroll of noise {unknown}
 i - a scroll of fog {unknown}
 p - a scroll of magic mapping {unknown}
 q - a scroll of immolation {unknown}
 r - 4 scrolls of identify {unknown}
 u - a scroll of enchant armour {unknown}
 z - 2 scrolls of poison {unknown}
 A - a scroll of vulnerability {unknown}
 B - a scroll of blinking {unknown}
 D - a scroll of silence {unknown}
Potions
 b - a potion of cancellation {unknown}
 g - 4 potions of haste {unknown}
 h - a potion of heal wounds {unknown}
 j - a potion of flight {unknown}
 l - a potion of lignification {unknown}
 n - a potion of attraction {unknown}
 v - a potion of curing {unknown}


   Skills:
 + Level 3.7 Fighting
 * Level 6.3 Axes
 - Level 2.4 Armour
 + Level 5.0 Shields


You had 6 spell levels left.
You didn't know any spells.
Your spell library was empty.

Dungeon Overview and Level Annotations

Branches:
Dungeon (5/15)
 Temple: D:4-7

Altars:


Innate Abilities, Weirdness & Mutations

You have extremely sharp teeth.
Your natural rate of healing is unusually fast.
When hurt, damage is shared between your health and your magic reserves.
Your bite disrupts and absorbs the magic of your enemies.
Potions cannot restore your health.


Message History

Your Shields skill increases to level 5!
You slash the gnoll bouda!
The gnoll bouda is heavily wounded.
You feel sick. You block the gnoll sergeant's attack.
The gnoll hits you from afar with a +0 spear!
A gnoll comes into view.
It is wielding a +2 flail of protection.
You hit the gnoll bouda but do no damage.
The gnoll bouda is heavily wounded.
You feel sick.
The gnoll sergeant throws a poisoned dart.
The poisoned dart hits you!
You are more poisoned.
The gnoll hits you from afar with a +0 spear.
* * * LOW HITPOINT WARNING * * *
The gnoll bouda gazes fiercely through you!
You feel your attacks grow feeble. The gnoll bouda barely misses you.
The gnoll sergeant throws a poisoned dart.
You block the poisoned dart.
You feel very mighty all of a sudden.
You feel sick.
The gnoll is no longer moving quickly.
The gnoll barely misses you.
The gnoll bouda barks out a call to the hunt!
The gnolls pick up the pace!
The gnoll sergeant throws a poisoned dart.
The poisoned dart hits you!
You are more poisoned.
You closely miss the gnoll bouda.
The gnoll bouda is heavily wounded.
You hit the gnoll.
You feel very sick.
The gnoll sergeant is no longer moving quickly.
The gnoll hits you with a +2 flail of protection!
* * * LOW HITPOINT WARNING * * *
The gnoll barely misses you. The gnoll bouda misses you.
The gnoll sergeant throws a poisoned dart.
The poisoned dart hits you!
You are more poisoned.
The gnoll barely misses you.
You die...

# #######.##..########
# ........###[........
# ......†.#
############# #
........#########......
.........##............
..........#............
........#.).)).........
........##...g.........
........##...)@g.......
........###...g.)......
######### #.#####g.....
#.. .....
...............
.......... ...
........gg#####
........g.. .....g..


You could see a gnoll sergeant, a gnoll bouda and 2 gnolls.

Vanquished Creatures
  Sigmund (D:3)
  A wraith (D:5)
  A howler monkey (D:5)
  3 jellies
  A hound (D:5)
  4 orc priests
  An orc wizard (D:3)
  An iguana (D:5)
  6 gnolls (D:5)
  An adder (D:2)
  A worm (D:4)
  6 dart slugs
  12 orcs
  6 ball pythons
  10 endoplasms
  A giant cockroach (D:2)
  4 goblins
  7 hobgoblins
  10 jackals
  A quokka (D:2)
  3 bats
  3 frilled lizards
  9 kobolds
  6 rats
99 creatures vanquished.

Notes
Turn   | Place    | Note
-------+----------+-------------------------------------------
     0 | D:1      | ThatPearl the Vine Stalker Fighter began the quest for the
                  | Orb.
     0 | D:1      | Reached XP level 1. HP: 11/11 MP: 2/2
    84 | D:1      | Reached skill level 2 in Axes
   163 | D:1      | Reached XP level 2. HP: 12/16 MP: 3/3
   648 | D:1      | Reached XP level 3. HP: 19/19 MP: 4/4
  1366 | D:2      | Reached skill level 3 in Axes
  1614 | D:2      | Gained mutation: Your natural rate of healing is unusually
                  | fast. [Vine Stalker growth]
  1614 | D:2      | Reached XP level 4. HP: 23/23 MP: 5/5
  1936 | D:3      | Reached XP level 5. HP: 22/27 MP: 6/6
  1945 | D:3      | Reached skill level 4 in Axes
  2004 | D:3      | Noticed Sigmund
  2016 | D:3      | Killed Sigmund
  2017 | D:3      | Reached skill level 5 in Axes
  2017 | D:3      | Reached XP level 6. HP: 27/32 MP: 5/7
  2930 | D:4      | Reached XP level 7. HP: 36/36 MP: 8/8
  3155 | D:5      | Entered Level 5 of the Dungeon
  3344 | D:5      | Noticed a wraith
  3371 | D:5      | Killed a wraith
  3372 | D:5      | Reached skill level 6 in Axes
  3412 | D:5      | Reached skill level 5 in Shields
  3415 | D:5      | HP: 1/37 [gnoll/+2 flail of protection[a gnoll bouda] (7)]
  3416 | D:5      | Succumbed to a gnoll sergeant's poison

Illustrated notes

Levels and vault maps discovered:
D:1:      matt_arrival_spirals, layout_basic, serial_aquarium,
          aquarium_bridge_long_separate [aquarium_subvault_bridge,
          aquarium_subvault_wall, aquarium_subvault_wall,
          aquarium_subvault_bridge, aquarium_subvault_bridge,
          aquarium_subvault_wall], aquarium_window_2, aquarium_window_1,
          aquarium_window_1, aquarium_view_2g, nicolae_figureground_sparkle
D:2:      layout_basic
D:3:      layout_rooms, uniq_sigmund
D:4:      layout_loops_ring, minivault_27
D:5:      layout_basic, uniq_ijyb

Skill      XL: |  1  2  3  4  5  6  7 |
---------------+----------------------+-----
Axes           | 2 3 5 6 |  6.3
Shields        | 3 4 5 |  5.0
Fighting       | 3 |  3.7
Armour         | |  2.4

Action                     |  1- 3 |  4- 6 |  7- 9 || total
---------------------------+-------+-------+-------++-------
  Melee: War axe           |    87 |    82 |    72 ||   241
         Bite              |    21 |    20 |    18 ||    59
    Use: Potion            |       |       |     1 ||     1
 Armour: Scale mail        |    26 |    23 |    15 ||    64
  Dodge: Dodged            |    38 |    55 |    77 ||   170
  Block: Buckler           |    29 |    24 |    32 ||    85

Table legend: (Time is in decaauts)
 A = Elapsed time spent in this place.
 B = Non-inter-level travel time spent in this place.
 C = Inter-level travel time spent in this place.
 D = Time resting spent in this place.
 E = Time spent auto-exploring this place.
 F = Levels seen in this place.
 G = Mean time per level.
                   A        B        C        D        E       F      G
               +--------+--------+--------+--------+--------+-----+--------+
         Total |   3523 |   3419 |    104 |      4 |   2612 |   5 |  704.6 |
       Dungeon |   3523 |   3419 |    104 |      4 |   2612 |   5 |  704.6 |
               +--------+--------+--------+--------+--------+-----+--------+

Top non-repeatable levels by time:
     D:1: 1201 daAuts
     D:4: 782 daAuts
     D:2: 676 daAuts
     D:3: 592 daAuts
     D:5: 269 daAuts
